 Dungeon Crawl Stone Soup version bcrawl-1.27.6 (webtiles) character file.

Game seed: 6824994130588942241

166654 DogServant the Vexing (level 6, -11/35 (36) HPs)
             Began as a Skeleton Arcane Marksman on Oct 8, 2020.
             Mangled by Ijyb
             ... wielding a +0 dagger of electrocution
              (18 damage)
             ... on level 5 of the Dungeon.
             The game lasted 00:08:21 (3739 turns).

DogServant the Vexing (Skeleton Arcane Marksman)    Turns: 3739, Time: 00:08:22

HP:   -11/35 (36)   AC:  3    Str: 16 (17) XL:     6   Next: 49%
MP:   0/10          EV: 12    Int: 11      God:
Gold: 197           SH:  0    Dex: 11      Spells: 2/11 levels left

rFire    . . .     SeeInvis .   a - +1 shortbow
rCold    + . .     Gourm    .   (shield currently unavailable)
rNeg     + + +     Faith    .   f - +0 leather armour
rPois    ∞         Spirit   +   (no helmet)
rElec    .         Reflect  .   (no cloak)
rCorr    .         Harm     .   (no gloves)
MR       .....                  (no boots)
Stlth    ++........             b - amulet of regeneration
HPRegen  0.11/turn              i - ring of poison resistance
MPRegen  0.12/turn              (no ring)

@: no status effects
A: no food or potions, cold resistance 1, deterioration 1, negative energy
resistance 3, powered by death 1, torment resistance, unbreathing, magic shield,
sturdy frame 1, spell healing
a: no special abilities


You were on level 5 of the Dungeon.
You were not hungry.

You visited 1 branch of the dungeon, and saw 5 of its levels.

You collected 197 gold pieces.

Inventory:

Hand Weapons
 a - a +1 shortbow (weapon)
 g - a +2 dagger of draining
Missiles
 e - 365 arrows (quivered)
 n - 541 bolts
Armour
 c - a +0 robe
 f - a +0 leather armour (worn)
 r - a +1 pair of gloves
 u - a +2 pair of boots
Jewellery
 b - an amulet of regeneration (around neck)
 i - a ring of poison resistance (left hand)
 o - an uncursed amulet of guardian spirit {unknown}
 p - an uncursed ring of insulation {unknown}
Wands
 s - a wand of polymorph (10)
Scrolls
 d - 2 scrolls of magic mapping {unknown}
 h - 2 scrolls of teleportation {unknown}
 j - 5 scrolls of identify
 k - 2 scrolls of blinking {unknown}
 l - 2 scrolls of fog {unknown}
 m - a scroll of immolation {unknown}
 q - a scroll of remove curse {unknown}
 t - a scroll of vulnerability {unknown}


   Skills:
 + Level 2.8 Fighting
 + Level 4.7 Bows
 - Level 3.0 Armour
 - Level 2.0 Dodging
 + Level 1.7 Stealth
 - Level 3.0 Spellcasting
 + Level 5.1 Hexes
 + Level 1.5 Summonings


You had 2 spell levels left.
You knew the following spells:

 Your Spells              Type           Power        Failure   Level  Hunger
a - Corona                Hex            ##.....      3%          1    N/A
b - Shackle               Hex            ##......     4%          2    N/A
c - False Image           Hex/Summ       #.......     21%         3    N/A
d - Inner Flame           Hex/Fire       N/A          28%         3    N/A

Your spell library contained the following spells:

 Spells                   Type           Power        Failure   Level  Hunger
 Cause Fear               Hex            ##........   32%         4    N/A
 Yara's Violent Unravell  Hex/Tmut       #.........   67%         4    N/A

Dungeon Overview and Level Annotations

Branches:
Dungeon (5/12)
 Temple: D:4-7

Altars:
Cheibriados
Kikubaaqudgha
Uskayaw
Xom
Zin

Shops:
D:3 *

Annotations:
D:3 3 runed translucent doors, corax's ghost, amateur OpAc
D:5 Ijyb


Innate Abilities, Weirdness & Mutations

You do not eat or drink.
You are immune to poison.
Your flesh is cold resistant. (rC+)
Your body sometimes deteriorates upon taking damage.
You are immune to negative energy. (rN+++)
You regenerate a little health from kills.
You are immune to unholy pain and torment.
You can survive without breathing.
When hurt, damage is shared between your health and your magic reserves.
Your movements are slightly less encumbered by armour. (ER -2)
Casting spells heals you.


Message History

Aim: Ijyb, wielding a +0 dagger of electrocution, wearing a +0 ring mail and quivering 154 sling bullets (almost dead, softly glowing)
You shoot an arrow. The arrow hits Ijyb.
Ijyb is almost dead.
Ijyb misses you.
Firing (i - inventory)
e - 367 arrows (quivered)
Press: ? - help, Shift-Dir - straight line, f/p - Ijyb
Aim: Ijyb, wielding a +0 dagger of electrocution, wearing a +0 ring mail and quivering 154 sling bullets (almost dead, softly glowing)
You shoot an arrow. The arrow hits Ijyb but does no damage.
Ijyb is almost dead.
Ijyb barely misses you.
Firing (i - inventory)
e - 366 arrows (quivered)
Press: ? - help, Shift-Dir - straight line, f/p - Ijyb
Aim: Ijyb, wielding a +0 dagger of electrocution, wearing a +0 ring mail and quivering 154 sling bullets (almost dead, softly glowing)
You shoot an arrow. The arrow hits Ijyb but does no damage.
Ijyb is almost dead.
Ijyb hits you with a +0 dagger of electrocution.
* * * LOW HITPOINT WARNING * * *
You are electrocuted!!
Ouch! That really hurt!
You die...

#. #.............#
.. #######.#######
#.# #.#########
#####..........
.........######
###.####.# ##.#
##.##
#g@###..(#####.
#.#†.[..........#
#....#.##...####...
###...####...... #
##.# ####### .# #.
.. #. #?


You could see Ijyb.

Vanquished Creatures
  A phantom (D:4)
  A centaur skeleton (D:4)
  An orc wizard (D:3)
  A worker ant (D:4)
  A howler monkey zombie (D:5)
  4 gnolls
  9 adders
  An ooze (D:3)
  5 dart slugs
  2 leopard geckos
  4 orcs
  6 bats
  A giant cockroach (D:2)
  7 goblins
  4 hobgoblins (D:3)
  5 jackals
  5 quokkas
  A ball python (D:4)
  3 frilled lizards
  9 kobolds
  8 rats
79 creatures vanquished.

Vanquished Creatures (others)
  A human (D:3)
1 creature vanquished.

Grand Total: 80 creatures vanquished

Notes
Turn   | Place    | Note
-------+----------+-------------------------------------------
     0 | D:1      | DogServant the Skeleton Arcane Marksman began the quest for
                  | the Orb.
     0 | D:1      | Reached XP level 1. HP: 12/12 MP: 4/4
   275 | D:1      | Reached XP level 2. HP: 8/17 MP: 1/6
   617 | D:1      | Reached skill level 1 in Armour
   869 | D:2      | Reached XP level 3. HP: 21/21 MP: 5/7
   873 | D:2      | Learned a level 2 spell: Shackle
   939 | D:2      | Found a snail-covered altar of Cheibriados.
   993 | D:2      | Reached skill level 4 in Hexes
  1496 | D:2      | Reached XP level 4. HP: 15/26 MP: 4/8
  1870 | D:2      | Found a hide-covered altar of Uskayaw.
  1874 | D:2      | Found a shimmering altar of Xom.
  2092 | D:3      | Found Zin's Purification Station.
  2120 | D:3      | Found a runed translucent gate.
  2120 | D:3      | Found a runed translucent gate.
  2120 | D:3      | Found a runed translucent gate.
  2135 | D:3      | Noticed corax's ghost (amateur OpAc)
  2180 | D:3      | Reached XP level 5. HP: 29/30 MP: 7/9
  2374 | D:3      | Learned a level 3 spell: False Image
  2378 | D:3      | Learned a level 3 spell: Inner Flame
  2409 | D:3      | Found a faded altar of an unknown god.
  2542 | D:3      | Found a glowing silver altar of Zin.
  2644 | D:3      | Found an ancient bone altar of Kikubaaqudgha.
  2644 | D:3      | Noticed a human
  2647 | D:3      | Killed a human
  2885 | D:4      | Noticed a phantom
  2894 | D:4      | Killed a phantom
  2894 | D:4      | Reached skill level 1 in Stealth
  2894 | D:4      | Reached skill level 5 in Hexes
  2894 | D:4      | Reached skill level 1 in Summonings
  2894 | D:4      | Gained mutation: You regenerate a little health from kills.
                  | [Skeleton growth]
  2894 | D:4      | Reached XP level 6. HP: 31/36 MP: 6/10
  3589 | D:5      | Entered Level 5 of the Dungeon
  3716 | D:5      | Noticed Ijyb
  3739 | D:5      | Mangled by Ijyb

Skill      XL: |  1  2  3  4  5 |
---------------+----------------+-----
Armour         | 1 2 3 |  3.0
Bows           | 3 4 |  4.7
Hexes          | 4 5 |  5.1
Stealth        | 1 |  1.7
Summonings     | 1 |  1.5
Fighting       | |  2.8
Dodging        | |  2.0
Spellcasting   | |  3.0

Action                   |  1- 3 |  4- 6 || total
-------------------------+-------+-------++-------
Melee: Dagger            |    57 |    73 ||   130
 Fire: Shortbow          |    54 |   105 ||   159
 Cast: Corona            |    15 |    12 ||    27
       Shackle           |       |     3 ||     3
Armor: Robe              |    12 |       ||    12
       Leather armour    |     6 |    28 ||    34
Dodge: Dodged            |    57 |    81 ||   138
